 Dungeon Crawl Stone Soup version 0.29.1-12-g30fa7ad0bf (webtiles) character file.

Game seed: 745624130989434936

49 mopl the Sneak (level 3, -5/24 HPs)
             Began as an Octopode Brigand on Dec 31, 2022.
             Slain by a gnoll
             ... wielding a +0 club
              (6 damage)
             ... on level 2 of the Dungeon.
             The game lasted 00:01:29 (1056 turns).

mopl the Sneak (Octopode Brigand)                   Turns: 1056, Time: 00:01:30

Health: -5/24      AC:  1    Str: 10    XL:     3   Next: 77%
Magic:  3/3        EV: 13    Int: 15    God:
Gold:   78         SH:  0    Dex: 19    Spells: 2/2 levels left

rFire   . . .      SeeInvis .   a - +2 dagger (chaos)
rCold   . . .      Faith    .   (no shield)
rNeg    . . .      Spirit   .   (helmet restricted)
rPois   .          Reflect  .   (no amulet)
rElec   .          Harm     .   i - +6 ring of dexterity
rCorr   .          Rampage  .   (no ring)
Will    .....                   (no ring)
Stlth   ++++......              (no ring)
HPRegen 0.08/turn               (no ring)
MPRegen 0.08/turn               (no ring)
                                (no ring)
                                (no ring)

@: attractive
A: almost no armour, amphibious, 8 rings, camouflage 1, gelatinous body 1,
(nimble swimmer 1), tentacles
a: no special abilities


You were on level 2 of the Dungeon.
You visited 1 branch of the dungeon, and saw 2 of its levels.

You collected 78 gold pieces.

Inventory:

Hand Weapons
 a - a +2 dagger of chaos (weapon)
Missiles
 b - 9 poisoned darts (quivered)
 c - 3 curare-tipped darts
Jewellery
 i - a +6 ring of dexterity (left tentacle)
Scrolls
 d - a scroll of poison
 g - a scroll of enchant armour {unknown}
 h - a scroll of identify {unknown}
 j - a scroll of teleportation {unknown}


   Skills:
 - Level 2.0 Fighting
 + Level 2.5 Short Blades
 + Level 2.5 Throwing
 + Level 1.9 Dodging
 + Level 5.9 Stealth


You had 2 spell levels left.
You didn't know any spells.
Your spell library was empty.

Dungeon Overview and Level Annotations

Branches:
Dungeon (2/15)

Altars:
Elyvilon


Innate Abilities, Weirdness & Mutations

You cannot wear most types of armour.
You are amphibious.
You can wear up to eight rings at the same time.
Your skin changes colour to match your surroundings (Stealth+).
Your rubbery body absorbs attacks. (AC +1, EV +1)
((You are camouflaged when in or above water. (Stealth+)))
You have tentacles for arms and can constrict up to eight enemies at once.


Message History

The gnoll hits you from afar with a +0 spear.
You hit the gnoll. You grab the gnoll.
The gnoll is moderately wounded.
You constrict the gnoll. The bat hits you.
A quokka comes into view.
The bat closely misses you.
You hit the gnoll but do no damage.
The gnoll is heavily wounded.
You constrict the gnoll. The bat hits you. The gnoll hits you with a +0 club.
The gnoll barely misses you. The goblin hits you with a +0 dagger.
You are too injured to fight recklessly!
You are too injured to fight recklessly!
Unknown command.
You release your grip on the gnoll.
The goblin attacks as you move away! The goblin barely misses you.
You see here a frilled lizard corpse.
The gnoll attacks as you move away! The gnoll hits you with a +0 club.
The gnoll attacks as you move away! The gnoll hits you with a +0 club!
* * * LOW HITPOINT WARNING * * *
The gnoll attacks as you move away! The gnoll barely misses you.
The bat hits the plant.
The plant begins to die.
The bat hits the plant.
The quokka bites something.
You hit the gnoll. Your grab misses the gnoll.
The gnoll is severely wounded.
The gnoll closely misses you.
It was a potion of attraction.
You feel attractive to monsters. The gnoll barely misses you.
The gnoll closely misses you.
The air fills with toxic fumes!
As you read the scroll labelled YFUOSSASOU, it crumbles to dust.
It was a scroll of poison.
The bat hits something. x3
The gnoll hits you with a +0 club.
* * * LOW HITPOINT WARNING * * *
The gnoll barely misses you.
As you read the scroll labelled CEESIEKUTS, it crumbles to dust.
It is a scroll of brand weapon.
Your +2 dagger erupts in a glittering mayhem of colour.
a - a +2 dagger of chaos (weapon)
The bat hits something. x3; The gnoll hits you with a +0 club.
You die...

#.......... #§
#.###...#.. #§#######.#
#...<.. #§#......§#
#.##### #§##.###§§#
#.....#
.###§##.#§§§.#######.# ..
..§§§...§§..§.........
#§§§###§##§#§§§########.#
.§§§§§§§@§§§§§§§... #.#
######g########.## #.# ♣
♣.♣§§g...# .# #.#
P♣♣♣§§PbP.♣♣ . #..
♣..§§♣P♣§.PP♣ ♣. ###
P♣.♣♣.♣♣♣§♣♣♣♣
..♣..P.♣§§PP♣
♣♣.P♣..P§§♣.♣
P..8...♣.♣...... #.


You could see 2 gnolls and a bat.

Vanquished Creatures
  An adder (D:2)
  A worm (D:2)
  8 ball pythons
  4 endoplasms (D:1)
  3 goblins
  5 hobgoblins
  A kobold (D:1)
  A quokka (D:2)
  2 bats (D:1)
  3 frilled lizards
  5 rats
34 creatures vanquished.

Vanquished Creatures (others)
  A plant (D:2)
1 creature vanquished.

Grand Total: 35 creatures vanquished

Notes
Turn   | Place    | Note
-------+----------+-------------------------------------------
     0 | D:1      | mopl the Octopode Brigand began the quest for the Orb.
     0 | D:1      | Reached XP level 1. HP: 14/14 MP: 1/1
    67 | D:1      | Reached XP level 2. HP: 15/19 MP: 2/2
   125 | D:1      | Found a faded altar of an unknown god.
   494 | D:1      | Reached XP level 3. HP: 20/24 MP: 3/3
  1035 | D:2      | Found a white marble altar of Elyvilon.
  1050 | D:2      | HP: 1/24 [gnoll/+0 club (7)]
  1055 | D:2      | HP: 1/24 [gnoll/+0 club (1)]
  1056 | D:2      | Slain by a gnoll

Illustrated notes

Levels and vault maps discovered:
D:1:      minmay_arrival_semitransparent, layout_rooms,
          shapermc_ecumenical_altar_pompeii, minivault_14
D:2:      wad_woods_stonehenge, layout_basic

Action                   || total
-------------------------++-------
Melee: Dagger            ||    54
       Constrict         ||    11
       Tentacles         ||     7
  Use: Scroll            ||     2
       Potion            ||     1
 Stab: Sleeping          ||    15
Armor: Skin              ||     2
Dodge: Dodged            ||    33
